 Dungeon Crawl Stone Soup version 0.18.1-8-gdd0e5ea (webtiles) character file.

451 M4edhros the Bolt Thrower (level 7, -3/52 HPs)
             Began as a Formicid Hunter on June 4, 2016.
             Slain by an orc
             ... wielding a +0 war axe
              (9 damage)
             ... on level 5 of the Dungeon.
             The game lasted 00:06:16 (2553 turns).

M4edhros the Bolt Thrower (Formicid Hunter)         Turns: 2553, Time: 00:06:17

Health: -3/52      AC:  3    Str: 16    XL:     7   Next: 25%
Magic:  7/7        EV: 12    Int:  9    God:
Gold:   164        SH:  0    Dex: 11    Spells: 0 memorised, 6 levels left

rFire  . . .     SeeInvis +     i - +0 halberd
rCold  . . .     Gourm    .     c - +0 leather armour
rNeg   . . .     Faith    .     (no shield)
rPois  .         Spirit   .     (helmet unavailable)
rElec  .         Dismiss  .     (no cloak)
rCorr  .         Reflect  .     (no gloves)
SustAt .         Harm     .     (no boots)
MR     .....                    (no amulet)
Stlth  ++........               (no ring)
                                (no ring)

@: drained, not resistant to hostile enchantments, unstealthy
A: permanent stasis, dig shafts and tunnels, four strong arms, antennae 3,
clumsy 1, dopey 1, screaming 1
a: Dig, Shaft Self


You were on level 5 of the Dungeon.
You were not hungry.

You visited 1 branch of the dungeon, and saw 6 of its levels.

You collected 164 gold pieces.

Inventory:

Hand Weapons
 a - a +1 hand crossbow
 b - a +0 short sword
 e - a +0 scythe
 h - a +0 quarterstaff
 i - a +0 halberd (weapon)
 s - a +0 blowgun
Missiles
 t - 14 poisoned needles
Armour
 c - a +0 leather armour (worn)
Scrolls
 g - a scroll of enchant weapon {unknown}
 j - 4 scrolls of magic mapping
 l - 2 scrolls of recharging
 m - 2 scrolls of identify
 p - a scroll of noise {unknown}
 q - 3 scrolls of remove curse
Comestibles
 f - 2 bread rations
 k - 2 slices of pizza
 o - a meat ration
 v - a beef jerky


   Skills:
 + Level 3.5(3.1) Fighting
 * Level 1.6(1.2) Polearms
 - Level 5.9(5.5) Crossbows
 - Level 0.7(0.4) Armour
 + Level 2.9(2.5) Dodging
 * Level 4.6(4.3) Stealth


You had 6 spell levels left.
You didn't know any spells.

Dungeon Overview and Level Annotations

Branches:
Dungeon (6/15)             Temple (0/1) D:6

Altars:
Ashenzari
Gozag
Kikubaaqudgha
Okawaru
Sif Muna
Xom
Zin

Annotations:
D:4 roberto's ghost, amateur DsAK


Innate Abilities, Weirdness & Mutations

You are under a permanent stasis effect.
You can dig through walls and to a lower floor.
Your four strong arms can wield two-handed weapons with a shield.
You have a pair of large antennae on your head (SInv).
You are clumsy. (Dex -2)
You are dopey. (Int -2)
You occasionally shout uncontrollably at your foes.


Message History

Aim: an orc, wielding a war axe You shoot a bolt.
The bolt closely misses the orc.
The orc misses you.
Firing (i - inventory): No suitable missiles.
Press: ? - help, Shift-Dir - straight line, f/p - orc
Aim: an orc, wielding a war axe
Okay, then.
Wield which item (- for none, * to show all)? (? for menu, Esc to quit)
i - a +0 halberd (weapon)
The orc barely misses you.
Your leather armour prevents you from hitting the orc.
The orc misses you.
You barely miss the orc. The orc completely misses you.
You barely miss the orc. The orc misses you.
You completely miss the orc. The orc closely misses you.
You closely miss the orc. The orc misses you. x2
You closely miss the orc. The orc completely misses you.
You barely miss the orc. The orc completely misses you.
You barely miss the orc. The orc closely misses you.
You barely miss the orc. The orc hits you with a war axe!
You die...

#.#******,*.##*,*,,,,,,,,*
#####.#######+#...,,*,***,**,*
#.........##...##****,***,**,***
#<###.###.#.....## *,**,,,,,,,*
#.#,#.# #........## *,*,,,,,,*,*
#..,..#*#.........#**{,,,**,,*,*
.......,+.....>...+,,,,,,,,,,,,*
#...#.#*#.........#**,,,,,,,,***
#..###...(.....o@## ***,***,**
###.*,###.......## *** *,* *#,**
#.##...## *** **,**
*,***#a*##+## **,***,,,*
*,**,≈≈≈,*,* *,,,,,,,,*
*,**,≈≈≈,,{********,***,,,*
*,**,≈_,≈,,,,,,,* *,* *****
*,**,≈,≈≈,,,***,* *,*
*,**,≈≈,,,,,,**,* *,*


You could see an orc.

Vanquished Creatures
  Sigmund (D:4)
  A howler monkey (D:4)
  A crimson imp (D:6)
  A giant frog skeleton (D:4)
  2 orc priests
  Ijyb (D:2)
  2 adders (D:2)
  3 gnolls (D:4)
  A worm (D:2)
  2 giant geckos
  6 orcs
  A ball python (D:2)
  3 giant cockroaches
  5 goblins
  3 hobgoblins
  6 jackals (D:1)
  2 kobolds
  2 quokkas (D:4)
  8 bats
  4 giant newts (D:1)
  4 rats
59 creatures vanquished.

Notes
Turn   | Place    | Note
--------------------------------------------------------------
     0 | D:1      | M4edhros the Formicid Hunter began the quest for the Orb.
     0 | D:1      | Reached XP level 1. HP: 16/16 MP: 1/1
   136 | D:1      | Reached XP level 2. HP: 23/23 MP: 2/2
   352 | D:1      | Reached XP level 3. HP: 26/28 MP: 3/3
   766 | D:3      | Noticed an orc warrior
   830 | D:2      | Reached skill level 5 in Crossbows
   857 | D:2      | Noticed Ijyb
   865 | D:2      | Killed Ijyb
   865 | D:2      | Reached XP level 4. HP: 34/34 MP: 4/4
   870 | D:2      | Found a deep blue altar of Sif Muna.
   870 | D:2      | Found a shimmering altar of Xom.
   885 | D:2      | Found an ancient bone altar of Kikubaaqudgha.
  1061 | D:2      | Found a glowing silver altar of Zin.
  1156 | D:3      | Found an iron altar of Okawaru.
  1210 | D:3      | Found an opulent altar of Gozag.
  1275 | D:3      | Found a shattered altar of Ashenzari.
  1358 | D:4      | Reached XP level 5. HP: 39/39 MP: 5/5
  1462 | D:4      | Noticed Sigmund
  1481 | D:4      | Killed Sigmund
  1481 | D:4      | Reached XP level 6. HP: 31/47 MP: 6/6
  1661 | D:4      | Noticed roberto's ghost (amateur DsAK)
  1988 | D:3      | Reached XP level 7. HP: 51/52 MP: 7/7
  2051 | D:4      | Reached skill level 1 in Polearms
  2403 | D:5      | Entered Level 5 of the Dungeon
  2517 | D:6      | Gained mutation: You are clumsy. (Dex -2) [potion of mutation]
  2517 | D:6      | Gained mutation: You occasionally shout uncontrollably at your foes. [potion of mutation]
  2517 | D:6      | Gained mutation: You are dopey. (Int -2) [potion of mutation]
  2526 | D:6      | HP: 1/52 [orc/war axe (7)]
  2553 | D:5      | Slain by an orc

Skill      XL: |  1  2  3  4  5  6  7 |
---------------+----------------------+-----
Crossbows      | 5 |  5.9
Dodging        | 2 |  2.9
Stealth        | 4 |  4.6
Fighting       | 3 |  3.5
Polearms       | 1 |  1.6
Armour         | |  0.7

Action                   |  1- 3 |  4- 6 |  7- 9 || total
-------------------------+-------+-------+-------++-------
Melee: Scythe            |       |     6 |     6 ||    12
       Short sword       |       |     6 |       ||     6
       Halberd           |       |       |    56 ||    56
 Fire: Hand crossbow     |    76 |    43 |     9 ||   128
       Blowgun           |       |    10 |     1 ||    11
 Abil: Dig               |       |     1 |       ||     1
  Use: Potion            |       |     7 |     1 ||     8
       Scroll            |       |       |     7 ||     7
  Eat: Chunk             |       |     2 |     3 ||     5
Armor: Leather armour    |     3 |    12 |    14 ||    29
Dodge: Dodged            |    12 |    51 |    45 ||   108
